 Dungeon Crawl Stone Soup version 0.29-a0-925-g0a7a3d12f8 (webtiles) character file.

Game seed: 6788409803342629862

49 xian the Sneak (level 3, -2/26 HPs)
             Began as a Vampire Wanderer on July 28, 2022.
             Slain by a worm (10 damage)
             ... on level 2 of the Dungeon.
             The game lasted 00:05:57 (1503 turns).

xian the Sneak (Vampire Wanderer)                   Turns: 1503, Time: 00:05:58

Health: -2/26      AC:  3    Str:  9    XL:     3   Next: 53%
Magic:  3/7        EV: 12    Int: 14    God:
Gold:   82         SH:  0    Dex: 17    Spells: 6/8 levels left

rFire   . . .      SeeInvis +   a - +0 dagger
rCold   . . .      Faith    .   (no shield)
rNeg    . . .      Spirit   .   d - +0 robe
rPois   .          Reflect  .   (no helmet)
rElec   .          Harm     .   (no cloak)
rCorr   .          Rampage  .   b - +0 pair of gloves
Will    .....                   (no boots)
Stlth   +++.......              (no amulet)
HPRegen 0.28/turn               (no ring)
MPRegen 0.10/turn               (no ring)

@: healing quickly
A: alive, fangs 3, see invisible, vampiric 2
a: Exsanguinate


You were on level 2 of the Dungeon.
You visited 1 branch of the dungeon, and saw 2 of its levels.

You collected 82 gold pieces.

Inventory:

Hand Weapons
 a - a +0 dagger (weapon)
Armour
 b - a +0 pair of gloves (worn)
 d - a +0 robe (worn)
 k - a +0 plate armour
Scrolls
 c - 2 scrolls of fear
 h - a scroll of teleportation {unknown}
 i - a scroll of identify {unknown}
 j - a scroll of vulnerability {unknown}
 n - a scroll of enchant weapon {unknown}
Potions
 e - a potion of curing
 f - a potion of attraction {unknown}
 g - a potion of heal wounds {unknown}
 l - a potion of degeneration {unknown}
 m - a potion of lignification {unknown}


   Skills:
 + Level 1.0 Fighting
 + Level 0.4 Short Blades
 + Level 1.4 Dodging
 + Level 5.0 Stealth
 + Level 2.2 Unarmed Combat
 + Level 3.4 Spellcasting
 + Level 0.4 Conjurations
 + Level 0.2 Summonings
 + Level 0.1 Fire Magic


You had 6 spell levels left.
You knew the following spells:

 Your Spells              Type           Power      Damage    Failure   Level
a - Foxfire               Conj/Fire      12%        2x1d4     19%         1
b - Summon Small Mammal   Summ           12%        N/A       19%         1

Your spell library contained the following spells:

 Spells                   Type           Power      Damage    Failure   Level
 Slow                     Hex            8%         N/A       21%         1
 Confusing Touch          Hex            2%         N/A       52%         3
 Frozen Ramparts          Ice            4%         1d2       52%         3
 Ozocubu's Armour         Ice            2%         N/A       52%         3
 Vampiric Draining        Necr           2%         2d6       52%         3


Dungeon Overview and Level Annotations

Branches:
Dungeon (2/15)

Altars:


Innate Abilities, Weirdness & Mutations

Your natural rate of healing is accelerated.
You have razor-sharp teeth.
You have supernaturally acute eyesight. (SInv)
You are afflicted with vampirism and can become a bat while bloodless.


Message History

m - a fuming green potion You see here a ball python corpse.
You now have 63 gold pieces (gained 3).
You now have 82 gold pieces (gained 19).
HP restored.
Found 8 stones.
Your rat disappears in a puff of smoke!
n - a scroll labelled HIEREURAAT A worm comes into view.
Casting: Summon Small Mammal (safe; 19% risk of failure)
Confirm with . or Enter, or press ? or * to list all spells.
You miscast Foxfire.
You are very lightly contaminated with residual magic.
Nothing appears to happen.
You miscast Foxfire.
Nothing appears to happen.
You conjure some foxfire!
The foxfire hits the worm.
The worm is lightly wounded.
The foxfire hits the worm.
The worm is moderately wounded.
You conjure some foxfire!
The worm bites you!
Casting: Foxfire (safe; 19% risk of failure)
Confirm with . or Enter, or press ? or * to list all spells.
You conjure some foxfire!
The foxfire hits the worm.
The worm is moderately wounded.
The foxfire hits the worm.
The worm is heavily wounded.
Casting: Foxfire (safe; 19% risk of failure)
Confirm with . or Enter, or press ? or * to list all spells.
The worm misses you.
Your foxfire dissipates!
You swap places.
Your rat bites the worm.
Your rat bites the worm.
The worm closely misses your rat.
Your rat barely misses the worm.
Your magical contamination has completely faded away.
The worm bites you!
You hit the worm but do no damage.
The worm is heavily wounded.
The worm bites you!
You die...

###### . ..#
#.#.#
#.#.#####
#..r@w..#
###.###.######
#...........#
#..###........
#..###.####.##
#......# #.#
#..####.######
#.#
#...........#
#.#
#..####.###.#
#.#


You could see a worm (ally target) and a friendly rat (summoned).

Vanquished Creatures
  2 dart slugs (D:1)
  4 bats (D:1)
  3 endoplasms
  4 giant cockroaches
  4 goblins
  A hobgoblin (D:1)
  A jackal (D:2)
  3 quokkas (D:1)
  5 ball pythons
  A frilled lizard (D:1)
  4 kobolds (D:1)
  4 rats
36 creatures vanquished.

Vanquished Creatures (collateral kills)
  A ball python (D:1)
  A frilled lizard (D:1)
  3 rats
5 creatures vanquished.

Vanquished Creatures (others)
  33 foxfires
33 creatures vanquished.

Grand Total: 74 creatures vanquished

Notes
Turn   | Place    | Note
-------+----------+-------------------------------------------
     0 | D:1      | xian the Vampire Wanderer began the quest for the Orb.
     0 | D:1      | xian set off with the following items: a +0 dagger, a +0
                  | pair of gloves, a scroll of fear, a +0 robe, a potion of
                  | curing; and the following spells available to memorise:
                  | Foxfire, Summon Small Mammal, Frozen Ramparts, Ozocubu's
                  | Armour.
     0 | D:1      | Reached XP level 1. HP: 15/15 MP: 4/4
    47 | D:1      | Learned a level 1 spell: Foxfire
    49 | D:1      | Learned a level 1 spell: Summon Small Mammal
   249 | D:1      | Reached XP level 2. HP: 14/21 MP: 6/6
   396 | D:1      | Reached skill level 5 in Stealth
   546 | D:1      | Reached skill level 1 in Dodging
   613 | D:1      | Gained mutation: You are afflicted with vampirism and can
                  | become a bat while bloodless. [Vampire growth]
   613 | D:1      | Reached XP level 3. HP: 22/26 MP: 7/7
  1503 | D:2      | Slain by a worm

Illustrated notes

Levels and vault maps discovered:
D:1:      dpeg_arrival_more_subterranean_lakeside_camping, layout_loops_ring,
          minmay_cupped
D:2:      layout_loops_ring, hellmonk_ecumenical_altar_leap_of_faith,
          minmay_pentomino_t4

Skill      XL: |  1  2 |
---------------+-------+-----
Stealth        | 5 |  5.0
Dodging        | 1 |  1.4
Fighting       | |  1.0
Short Blades   | |  0.4
Unarmed Combat | |  2.2
Spellcasting   | |  3.4
Conjurations   | |  0.4
Summonings     | |  0.2
Fire Magic     | |  0.1

Action                   || total
-------------------------++-------
Melee: Dagger            ||   105
       Bite              ||     8
       Punch             ||     1
 Cast: Summon Small Mamm ||     9
       Foxfire           ||    25
 Stab: Sleeping          ||     4
Armor: Robe              ||    35
Dodge: Dodged            ||   101

Table legend: (Time is in decaauts)
 A = Elapsed time spent in this place.
 B = Non-inter-level travel time spent in this place.
 C = Inter-level travel time spent in this place.
 D = Time resting spent in this place.
 E = Time spent auto-exploring this place.
 F = Levels seen in this place.
 G = Mean time per level.
                   A        B        C        D        E       F      G
               +--------+--------+--------+--------+--------+-----+--------+
         Total |   1502 |   1447 |     55 |      0 |    950 |   2 |  751.0 |
       Dungeon |   1502 |   1447 |     55 |      0 |    950 |   2 |  751.0 |
               +--------+--------+--------+--------+--------+-----+--------+

Top non-repeatable levels by time:
     D:1: 1226 daAuts
     D:2: 276 daAuts
